Map: Dusk Towers

Players

FWPartinG (PartinG) - Winner!

  • Race: Protoss Protoss
  • League: Master

WhaleTail (TooDming)

  • Race: Zerg Zerg
  • League: Grandmaster

Event: NationWars III

VOD

https://youtu.be/6WI_z_njCt0

Description

Time

  • Played on: Jan. 2, 2016, 10:06 a.m.
  • Length: 14:51
Show
View Real Time Build Order
Export as new Build Order

FWPartinG Protoss - Winner!

Build Orders: Nexus First 

Get SALT Encoding   

  12  0:01  Probe (Chrono Boost)  
  13  0:11  Probe (Chrono Boost)  
  14  0:20  Pylon  
  14  0:22  Probe (Chrono Boost)  
  15  0:39  Probe (Chrono Boost)  
  16  0:49  Probe (Chrono Boost)  
  17  0:57  Nexus  
  17  1:07  Gateway  
  17  1:10  Probe (Chrono Boost)  
  18  1:15  Assimilator  
  18  1:21  Probe (Chrono Boost)  
  18  1:24  Assimilator  
  19  1:31  Probe (Chrono Boost)  
  20  1:42  Probe (Chrono Boost)  
  20  1:44  Gateway  
  21  1:52  Probe (Chrono Boost)  
  22  1:55  Cybernetics Core  
  22  2:03  Probe (Chrono Boost)  
  23  2:10  Probe (Chrono Boost)  
  23  2:13  Probe (Chrono Boost)  
  25  2:20  Probe (Chrono Boost)  
  26  2:24  Probe (Chrono Boost)  
  27  2:32  Stalker (Chrono Boost)  
  27  2:33  Adept (Chrono Boost)  
  27  2:34  Warp Gate  
  31  2:37  Probe x2  
  31  2:42  Pylon  
  33  2:49  Probe x2 (Chrono Boost)  
  35  3:00  Adept x2  
  35  3:02  Probe (Chrono Boost)  
  35  3:03  Probe (Chrono Boost)  
  41  3:13  Probe x2 (Chrono Boost)  
  43  3:23  Pylon  
  43  3:24  Probe x2 (Chrono Boost)  
  45  3:34  Nexus  
  45  3:35  Probe (Chrono Boost)  
  45  3:39  Pylon  
  48  3:41  Mothership Core (Chrono Boost)  
  48  3:48  Pylon  
  48  3:49  Probe (Chrono Boost)  
  48  3:51  Forge  
  49  3:55  Pylon  
  49  3:59  Probe (Chrono Boost)  
  49  4:00  Probe (Chrono Boost)  
  51  4:04  Twilight Council  
  52  4:10  Probe x2 (Chrono Boost)  
  52  4:13  Pylon  
  52  4:14  Protoss Ground Weapons Level 1 (Chrono Boost)  
  53  4:17  Robotics Facility  
  53  4:20  Probe (Chrono Boost)  
  53  4:21  Probe (Chrono Boost)  
  55  4:27  Photon Cannon  
  55  4:31  Probe  
  55  4:32  Probe  
  55  4:34  Resonating Glaives (Chrono Boost)  
  57  4:38  Sentry  
  57  4:39  Sentry  
  57  4:43  Probe  
  57  4:44  Probe x2  
  63  4:50  Gateway  
  64  4:53  Gateway  
  64  4:56  Probe x2  
  64  4:57  Probe  
  67  5:00  Gateway  
  67  5:03  Sentry  
  67  5:05  Sentry  
  71  5:09  Probe x2  
  71  5:11  Probe  
  76  5:17  Photon Cannon  
  76  5:19  Pylon  
  76  5:25  Immortal (Chrono Boost), Pylon  
  76  5:28  Pylon  
  78  5:30  Pylon  
  78  5:34  Gateway  
  78  5:35  Gateway  
  78  5:36  Gateway  
  78  5:40  Pylon  
  78  5:46  Probe  
  78  5:47  Probe x2, Assimilator  
  78  5:48  Assimilator  
  81  5:50  Stalker  
  81  5:52  Adept x2  
  87  5:58  Warp Prism (Chrono Boost)  
  87  6:02  Assimilator  
  87  6:03  Adept, Assimilator  
  91  6:04  Adept, Blink  
  91  6:11  Probe x3  
  96  6:22  Pylon  
  96  6:24  Probe x2  
  96  6:25  Probe  
  99  6:27  Protoss Ground Weapons Level 2  
  99  6:31  Adept x4  
  107  6:44  Pylon  
  107  6:46  Pylon  
  107  6:50  Observer (Chrono Boost)  
  107  6:51  Adept x3  
  107  6:52  Adept  
  116  7:03  Zealot  
  116  7:04  Zealot  
  116  7:05  Zealot x2  
  116  7:07  Probe x2, Pylon  
  116  7:08  Probe  
  127  7:14  Zealot  
  127  7:15  Zealot  
  131  7:20  Adept x2  
  135  7:25  Robotics Bay, Robotics Facility  
  135  7:28  Probe x3  
  138  7:39  Stalker x2  
  138  7:40  Stalker x5  
  145  7:52  Observer (Chrono Boost)  
  145  7:57  Pylon  
  145  7:59  Pylon  
  145  8:00  Pylon  
  137  8:12  Pylon  
  137  8:13  Adept x5, Pylon  
  137  8:14  Adept x3  
  137  8:15  Pylon  
  137  8:16  Pylon  
  151  8:20  Colossus (Chrono Boost)  
  151  8:23  Disruptor (Chrono Boost)  
  157  8:39  Adept x7  
  171  8:42  Adept  
  163  8:55  Disruptor (Chrono Boost)  
  152  9:06  Adept x4  
  152  9:07  Adept x4  
  152  9:09  Disruptor (Chrono Boost)  
  143  9:34  Stalker  
  143  9:35  Stalker x6  
  128  9:50  Disruptor (Chrono Boost)  
  128  9:52  Disruptor (Chrono Boost)  
  90  10:16  Stalker x7  
  96  10:26  Observer (Chrono Boost)  
  97  10:39  Nexus  
  97  10:44  Disruptor (Chrono Boost)  
  97  10:46  Zealot x4  
  97  10:47  Zealot x4  
  97  10:49  Disruptor (Chrono Boost)  
  113  11:02  Mothership Core  
  113  11:04  Pylon  
  115  11:05  Pylon  
  115  11:08  Pylon  
  105  11:31  Nexus  
  105  11:32  Pylon  
  105  11:34  Pylon  
  105  11:42  Stalker x2  
  109  11:52  Assimilator  
  109  11:56  Assimilator  
  109  12:01  Dark Shrine  
  109  12:06  Photon Cannon  
  107  12:26  Stalker x2  
  107  12:27  Stalker x2  
  115  12:32  Pylon  
  115  12:34  Pylon  
  114  13:01  Pylon  
  114  13:02  Zealot, Photon Cannon  
  116  13:12  Warp Prism (Chrono Boost)  
  110  13:17  Warp Prism (Chrono Boost)  
  108  13:20  Stalker x4  
  116  13:32  Stalker x2  
  118  13:42  Stalker  
  118  13:45  Observer (Chrono Boost)  
  122  13:51  Observer (Chrono Boost)  
  110  14:15  Stalker x6  
  110  14:16  Stalker  
  115  14:37  Stalker  
  111  14:38  Dark Templar x2  
  111  14:39  Dark Templar  
  111  14:44  Stalker x2  
Show
View Real Time Build Order
Export as new Build Order

WhaleTail Zerg 

Build Orders: 3 Hatch before Pool, Lurkers 

Get SALT Encoding   

  12  0:01  Drone  
  13  0:14  Overlord  
  13  0:16  Drone  
  14  0:33  Drone x2  
  16  0:36  Drone  
  17  0:54  Hatchery  
  17  0:55  Drone  
  17  0:57  Drone  
  18  1:19  Hatchery  
  18  1:21  Drone  
  18  1:24  Drone  
  19  1:39  Spawning Pool  
  18  1:40  Drone  
  18  1:43  Drone  
  20  1:52  Drone  
  21  1:58  Extractor  
  20  2:02  Drone  
  20  2:06  Drone  
  22  2:12  Drone  
  23  2:17  Drone  
  24  2:23  Overlord  
  24  2:31  Queen x3  
  24  2:35  Drone  
  31  2:38  Drone  
  31  2:40  Drone  
  31  2:42  Drone  
  31  2:44  Drone  
  35  2:46  Drone  
  36  2:54  Overlord  
  36  3:02  Zergling x4  
  36  3:03  Zergling x2  
  39  3:10  Overlord  
  39  3:11  Lair  
  39  3:15  Overlord  
  39  3:16  Drone  
  39  3:18  Drone x2  
  42  3:29  Drone x2  
  42  3:30  Overlord  
  42  3:32  Drone  
  45  3:41  Roach Warren  
  44  3:42  Drone x4  
  44  3:44  Drone x2  
  44  3:46  Drone  
  51  3:49  Drone x2  
  51  3:53  Drone x2  
  55  3:56  Drone, Extractor  
  55  3:57  Extractor  
  55  3:58  Drone  
  55  4:00  Drone  
  56  4:09  Overseer  
  56  4:11  Overlord x2  
  56  4:20  Glial Reconstitution  
  56  4:21  Roach x2  
  56  4:22  Roach  
  64  4:24  Roach  
  64  4:25  Drone x2  
  64  4:27  Overlord x2  
  66  4:36  Roach  
  66  4:37  Roach  
  70  4:39  Overlord  
  70  4:42  Evolution Chamber  
  70  4:44  Drone x3  
  72  4:49  Drone x7  
  79  5:00  Hydralisk Den  
  79  5:01  Extractor x2  
  79  5:03  Drone x5  
  81  5:09  Zerg Missile Weapons Level 1  
  81  5:11  Extractor  
  80  5:21  Drone  
  80  5:22  Drone x6  
  80  5:25  Drone x4  
  91  5:28  Lurker Den  
  91  5:29  Hatchery  
  91  5:30  Metabolic Boost  
  90  5:36  Drone x2  
  90  5:41  Hatchery  
  91  5:50  Overlord x2  
  92  5:57  Zergling x14  
  92  6:02  Evolution Chamber  
  97  6:05  Spine Crawler  
  97  6:06  Spine Crawler  
  97  6:07  Overlord x2  
  95  6:17  Hydralisk x4  
  95  6:18  Hydralisk  
  105  6:25  Ravager x5  
  110  6:27  Zergling x6  
  110  6:31  Ravager, Zerg Ground Armor Level 1  
  114  6:36  Overlord x2  
  113  6:41  Zergling x18  
  122  6:53  Hydralisk  
  124  7:02  Lurker x4  
  124  7:03  Lurker, Hydralisk  
  124  7:06  Zergling x4  
  124  7:07  Muscular Augments, Zergling x18  
  142  7:12  Overlord x3  
  142  7:15  Hydralisk  
  142  7:22  Lurker  
  145  7:24  Roach x4  
  145  7:25  Roach x2  
  157  7:32  Roach x2  
  157  7:33  Roach x3  
  166  7:38  Hydralisk x2  
  166  7:39  Zergling x4  
  166  7:43  Roach  
  172  7:49  Hydralisk  
  172  7:50  Hydralisk x2  
  171  8:05  Hydralisk, Zergling x2  
  160  8:06  Zergling x6  
  160  8:09  Hydralisk x3  
  164  8:21  Zergling x18  
  164  8:22  Zergling x2  
  167  8:27  Lurker x2  
  167  8:30  Roach  
  167  8:31  Roach  
  161  8:37  Roach x2  
  152  8:44  Roach  
  152  8:45  Roach x8  
  155  8:59  Roach x2  
  147  9:04  Roach x2  
  147  9:06  Roach  
  150  9:14  Roach  
  150  9:15  Zergling x14  
  150  9:16  Zergling x2  
  132  9:25  Roach  
  132  9:26  Roach  
  133  9:38  Roach x2, Zergling x2  
  133  9:39  Zergling x6  
  133  9:42  Roach  
  117  9:51  Roach  
  112  9:58  Hydralisk  
  110  10:07  Drone x5  
  104  10:16  Drone x3  
  104  10:17  Drone  
  97  10:29  Drone x3  
  97  10:30  Drone  
  98  10:46  Drone  
  98  10:47  Drone x4  
  93  10:57  Drone x5  
  97  11:07  Zerg Melee Weapons Level 1  
  94  11:22  Hatchery  
  92  11:25  Drone  
  92  11:26  Drone  
  92  11:28  Lurker  
  95  11:33  Drone x2  
  95  11:35  Zergling x2  
  95  11:36  Zergling x10  
  101  11:57  Zerg Ground Armor Level 2  
  100  12:10  Zergling x8  
  100  12:11  Zergling x18  
  110  12:17  Overseer  
  110  12:39  Hatchery  
  96  12:55  Hydralisk x2  
  96  12:56  Hydralisk x3  
  105  13:01  Roach  
  105  13:02  Roach x4  
  114  13:22  Lurker x3  
  114  13:23  Lurker x2  
  106  13:45  Drone x4  
  106  13:46  Drone x5  
  110  13:54  Hydralisk x2  
  103  14:06  Roach  
  103  14:07  Roach  
  103  14:08  Roach x2  
  82  14:13  Hydralisk x3  
  82  14:19  Lurker x2  
  82  14:23  Hydralisk x2  
  84  14:30  Roach x3  
  80  14:40  Lurker x2  
Tags
 
Add a new tag
Caveats
  • Supply blocks, unpowered buildings, or Contaminate may cause inaccurate times.
  • Supply counts are checked every 10 seconds.